Construct Infanterie Kompanie
Construct Panzergrenadier Kompanie
Pak 40 Anti-tank Gun Team
Selects Mechanized Battlegroup
Construct Luftwaffe Kompanie
Selects StuG Assault Group
Pak 40 Anti-tank Gun Team
Selects Wespe Self-propelled Artillery
Wespe Self-propelled Artillery
Construct Panzer Kompanie
Selects Zeroing Artillery Barrage
Selects UNKNOWN (2160084)
Wespe Self-propelled Artillery
Wespe Self-propelled Artillery
Zeroing Artillery Barrage
Zeroing Artillery Barrage